 Zot Defence DCSS version 0.15.2 (webtiles) character file.

169 Groucho the Skirmisher (level 5, 0/42 HPs)
             Began as a Demonspawn Fighter on June 6, 2022.
             Slain by Tutosety the black bear (4 damage)
             ... in the Realm of Zot (Scenario IV: Columnade).
             The game lasted 00:03:45 (493 turns).

Groucho the Skirmisher (Demonspawn Fighter)          Turns: 493, Time: 00:03:45

HP   0/42        AC  8     Str 18      XL: 5   Next: 25%
MP   5/5         EV  6     Int  9      God:
Gold 0           SH  9     Dex 11 (12) Spells:  0 memorised,  4 levels left

rFire  + . .     SeeInvis .     a - +0 war axe
rCold  . . .     Clarity  .     b - +0 scale mail
rNeg   . . .     rCorr    .     c - +0 shield
rPois  .         rRot     .     (no helmet)
rElec  .         Spirit   .     (no cloak)
SustAb .         Warding  .     (no gloves)
rMut   .         Stasis   .     (no boots)
Gourm  .                        (no amulet)
MR     .....                    (no ring)
                                (no ring)

@: not resistant to hostile enchantments, extremely unstealthy
A: claws 2, thin metallic scales 1, fire resistance 1
a: Make oklob sapling, Make arrow trap, Make plant, Remove Curse, Make burning
bush


You were in the Realm of Zot.
You were not hungry.

You visited 1 branch

Inventory:

Hand weapons
 a - a +0 war axe (weapon)
Armour
 b - a +0 scale mail (worn)
 c - a +0 shield (worn)
Comestibles
 f - a bread ration
Scrolls
 k - a scroll of blinking
Potions
 d - 3 potions of curing
 e - a potion of might
 h - a potion of haste
 i - 2 potions of magic
 j - a potion of berserk rage


   Skills:
 + Level 3.9 Fighting
 + Level 2.8 Axes
 + Level 3.3 Armour
 + Level 3.8 Shields


You had 4 spell levels left.
You didn't know any spells.

Dungeon Overview and Level Annotations

Branches:
    Zot (1/1)

Altars:


Innate Abilities, Weirdness & Mutations

You have very sharp fingernails.
You are partially covered in thin metallic scales (AC +2).
Your flesh is heat resistant.


Message History

Tutosety bites you. Tutosety claws you.
* * * LOW HITPOINT WARNING * * *
Tutosety barely misses you.
Unknown command.
You slash Tutosety!
Tutosety is heavily wounded.
Tutosety bites you.
* * * LOW HITPOINT WARNING * * *
Tutosety claws you but does no damage. x2
You block Tutosety's attack. Tutosety claws you.
* * * LOW HITPOINT WARNING * * *
Tutosety claws you but does no damage.
You hit Tutosety.
Tutosety is heavily wounded.
Tutosety bites you.
* * * LOW HITPOINT WARNING * * *
Tutosety claws you.
* * * LOW HITPOINT WARNING * * *
Tutosety claws you.
You die...

▓▓...▓▓ ▓▓...▓▓ ▓▓...▓▓ ▓▓...▓▓
▓▓...▓▓▓▓▓▓▓▓▓...▓▓
▓▓...▓▓▓▓...▓▓▓▓...▓▓
▓▓...▓▓▓▓.....▓▓▓▓...▓▓
▓...▓▓▓▓.......▓▓▓▓...▓
▓.....................▓
▓▓.........)%).........▓▓
▓▓▓▓▓▓▓▓▓▓.%.%)@(....▓▓▓▓▓▓▓▓▓▓
▓∆∆∆▓▓ ▓....)h.....▓ ▓▓)|∆▓
▓∆∆∆▓ ▓▓.........▓▓ ▓}[[▓ ▓▓▓▓▓
▓▓...P...▓▓ ▓▓▓▓▓ ▓▓▓▓▓▓▓▓▓


You could see Tutosety the black bear and a friendly oklob sapling.

Vanquished Creatures
  A quasit (Zot)
  A worm (Zot)
  5 oozes (Zot)
  2 ball pythons (Zot)
  9 goblins (Zot)
  3 kobolds (Zot)
  7 bats (Zot)
  2 giant cockroaches (Zot)
  2 giant newts (Zot)
32 creatures vanquished.

Vanquished Creatures (collateral kills)
  3 rats (Zot)
3 creatures vanquished.

Grand Total: 35 creatures vanquished

Notes
Turn   | Place    | Note
--------------------------------------------------------------
     0 | Zot      | Groucho, the Demonspawn Fighter, began the quest for the Orb.
     0 | Zot      | Reached XP level 1. HP: 18/18 MP: 1/1
   236 | Zot      | Gained mutation: Your flesh is heat resistant. [demonic ancestry]
   236 | Zot      | Reached XP level 2. HP: 24/24 MP: 2/2
   262 | Zot      | Noticed Sungipt
   267 | Zot      | Gained mutation: You are partially covered in thin metallic scales (AC +2). [demonic ancestry]
   267 | Zot      | Reached XP level 3. HP: 13/29 MP: 3/3
   283 | Zot      | Killed Sungipt the quasit
   283 | Zot      | Gained mutation: You have sharp fingernails. [demonic ancestry]
   283 | Zot      | Reached XP level 4. HP: 13/37 MP: 4/4
   383 | Zot      | Gained mutation: You have very sharp fingernails. [demonic ancestry]
   383 | Zot      | Reached XP level 5. HP: 18/42 MP: 5/5
   483 | Zot      | Noticed Tutosety
   493 | Zot      | Slain by Tutosety the black bear

Action                   |  1- 3 |  4- 6 || total
-------------------------+-------+-------++-------
Melee: War axe           |    50 |    55 ||   105
 Abil: Make oklob saplin |       |     1 ||     1
  Use: Potion            |     1 |       ||     1
